 Dungeon Crawl Stone Soup version 0.21.1 (webtiles) character file.

64 Jerry the Slasher (level 3, 0/29 HPs)
             Began as a Demonspawn Chaos Knight on Feb 2, 2018.
             Slain by Terence
             ... wielding a +0 hand axe
              (6 damage)
             ... on level 2 of the Dungeon.
             The game lasted 00:05:14 (1606 turns).

Jerry the Slasher (Demonspawn Chaos Knight)         Turns: 1606, Time: 00:05:14

Health: 0/29       AC:  5    Str: 13    XL:     3   Next: 91%
Magic:  3/3        EV: 11    Int: 13    God:    Xom [...*..]
Gold:   88         SH:  6    Dex: 14    Spells: 2/2 levels left

rFire    . . .     SeeInvis .   a - +0 falchion (chaos)
rCold    . . .     Gourm    .   i - +2 buckler
rNeg     . . .     Faith    .   b - +2 leather armour
rPois    .         Spirit   .   (helmet restricted)
rElec    .         Reflect  .   j - scarf {repulsion}
rCorr    .         Harm     .   (no gloves)
MR       +....     Clarity  +   (no boots)
Stlth    +.........             l - amulet of rage
HPRegen  0.09/turn              (no ring)
MPRegen  0.08/turn              (no ring)

@: repel missiles
A: antennae 2, agile 1, clarity, magic resistance 1, sturdy frame 1
a: Renounce Religion, Evoke Berserk Rage


You were on level 2 of the Dungeon.
You worshipped Xom.
You were a favourite toy of Xom.
You were not hungry.

You visited 1 branch of the dungeon, and saw 2 of its levels.

You collected 88 gold pieces.

Inventory:

Hand Weapons
 a - a +0 falchion of chaos (weapon)
Armour
 b - a +2 leather armour (worn)
 i - a +2 buckler (worn)
 j - a scarf of repulsion (worn)
Jewellery
 l - an amulet of rage (around neck)
Scrolls
 d - a scroll of noise {unknown}
 f - a scroll of remove curse
 h - a scroll of fog {unknown}
Potions
 e - 2 potions of curing
Comestibles
 c - 3 rations
 g - 7 chunks of flesh


   Skills:
 - Level 3.2 Fighting
 * Level 3.5 Long Blades
 + Level 2.3 Armour
 - Level 1.2 Dodging
 + Level 1.0 Shields


You had 2 spell levels left.
You didn't know any spells.

Dungeon Overview and Level Annotations

Branches:
Dungeon (2/15)

Altars:

Annotations:
D:2 Terence


Innate Abilities, Weirdness & Mutations

You have a pair of antennae on your head.
Your movements are slightly less encumbered by armour. (ER -2)
You are agile. (Dex +2)
You possess an exceptional clarity of mind.
You are resistant to hostile enchantments. (MR+)


Message History

You feel very buoyant.
You fly up into the air.
Xom thinks this is hilarious!
Something hits you.
It was a potion of mutation.
You feel extremely strange.
Your thoughts seem clearer.
The antennae on your head grow some more.
You feel agile.
You feel resistant to hostile enchantments.
Something hits you.
* * * LOW HITPOINT WARNING * * *
You see here a scroll of remove curse.
Something hits you.
* * * LOW HITPOINT WARNING * * *
Some of the chunks of flesh in your inventory have rotted away.
You are starting to lose your buoyancy.
You float gracefully downwards.
Something hits you.
You die... "I guess I need a new plaything now."

#...รท....###
#.......)....#
..#####....#
#............#
...........#
#.........####
..#####....# #.........#
..# #....# #.........#
.## #....# #.........#
.# #....# #.........# .#
#....######....#### ##
#........{@....# ##
#....######.#### .#
##.#.#....#.# .###
#.#.#.##.#.######## ...#
#.#.#.##.#......... ##.#
#(#......###############
#.# #.###.#....##.#
#.g...# #.# #.#
#.#..g..g.# #.###5# #.#
#.# #.####.##.# #.# #g#


There were no monsters in sight!

Vanquished Creatures
  3 gnolls (D:1)
  An ooze (D:1)
  A worm (D:2)
  A dart slug (D:2)
  2 leopard geckos
  5 bats
  4 goblins
  A hobgoblin (D:2)
  2 jackals (D:2)
  A kobold (D:2)
  A quokka (D:2)
  A frilled lizard (D:2)
  3 rats
26 creatures vanquished.

Notes
Turn   | Place    | Note
-------+----------+-------------------------------------------
     0 | D:1      | Jerry the Demonspawn Chaos Knight began the quest for the Orb.
     0 | D:1      | Reached XP level 1. HP: 18/18 MP: 1/1
    25 | D:1      | XOM: silly message
    60 | D:1      | Reached skill level 1 in Dodging
   111 | D:1      | XOM: confusion (+ monsters)
   198 | D:1      | Gained mutation: Your movements are slightly less encumbered by armour. (ER -2) [demonic ancestry]
   198 | D:1      | Reached XP level 2. HP: 24/24 MP: 2/2
   200 | D:1      | XOM: smoke on damage
   935 | D:2      | Gained mutation: You have a pair of small antennae on your head. [demonic ancestry]
   935 | D:2      | Reached XP level 3. HP: 26/29 MP: 3/3
  1045 | D:2      | XOM: summons friendly crimson imp
  1299 | D:1      | XOM: confuse monster(s)
  1493 | D:2      | Reached skill level 1 in Shields
  1564 | D:2      | Noticed Terence
  1574 | D:2      | Gained mutation: You possess an exceptional clarity of mind. [potion of mutation]
  1574 | D:2      | Gained mutation: You have a pair of antennae on your head. [potion of mutation]
  1574 | D:2      | Gained mutation: You are agile. (Dex +2) [potion of mutation]
  1574 | D:2      | Gained mutation: You are resistant to hostile enchantments. (MR+) [potion of mutation]
  1606 | D:2      | Slain by Terence

Skill      XL: |  1  2  3 |
---------------+----------+-----
Dodging        | 1 |  1.2
Long Blades    | 3 |  3.5
Armour         | 2 |  2.3
Shields        | 1 |  1.0
Fighting       | |  3.2

Action                   || total
-------------------------++-------
Melee: Falchion          ||    83
  Use: Scroll            ||     3
       Potion            ||     2
 Stab: Paralysed         ||     2
       Sleeping          ||     2
  Eat: Chunk             ||     2
Armor: Leather armour    ||    30
Dodge: Dodged            ||    49
Block: Buckler           ||    19
       Rpst.: Falchion   ||    19
